 Dungeon Crawl Stone Soup version 0.21.0-25-ge575cb9 (webtiles) character file.

180 troglodite the Charmwright (level 5, 0/43 HPs)
             Began as a Gnoll Skald on Jan 25, 2018.
             Slain by a worker ant (4 damage)
             ... on level 4 of the Dungeon on Jan 26, 2018.
             The game lasted 00:08:55 (2239 turns).

troglodite the Charmwright (Gnoll Skald)            Turns: 2239, Time: 00:08:56

Health: 0/43       AC:  4    Str: 11    XL:     5   Next: 60%
Magic:  12/12      EV: 14    Int: 16    God:
Gold:   78         SH:  0    Dex: 14    Spells: 7/14 levels left

rFire    . . .     SeeInvis .   a - +0 falchion
rCold    . . .     Gourm    .   (no shield)
rNeg     . . .     Faith    .   b - +0 leather armour
rPois    .         Spirit   .   (no helmet)
rElec    .         Reflect  .   e - +0 cloak
rCorr    .         Harm     .   (no gloves)
MR       .....                  (no boots)
Stlth    +++.......             (no amulet)
HPRegen  0.14/turn              i - -3 ring of strength (curse)
MPRegen  0.13/turn              o - ring of stealth

@: no status effects
A: distributed training, fangs 1, strong nose
a: no special abilities


You were on level 4 of the Dungeon.
You were hungry.

You visited 1 branch of the dungeon, and saw 4 of its levels.

You collected 78 gold pieces.

Inventory:

Hand Weapons
 a - a +0 falchion (weapon)
Armour
 b - a +0 leather armour (worn)
 e - a +0 cloak (worn)
Jewellery
 i - a cursed -3 ring of strength (left hand)
 o - a ring of stealth (right hand)
Scrolls
 h - a scroll of amnesia {unknown}
 k - a scroll of fear {unknown}
 l - a scroll of remove curse {unknown}
Potions
 g - a potion of haste {unknown}
 m - a potion of invisibility
 n - a potion of agility
Books
 c - a book of Battle

   Spells                             Type                      Level
   a - Infusion                       Charms                       1
   b - Shroud of Golubria             Charms/Translocation         2
   c - Song of Slaying                Charms                       2
   d - Spectral Weapon                Hexes/Charms                 3
   e - Regeneration                   Charms/Necromancy            3
Comestibles
 d - 4 rations


   Skills:
 + Level 4.8 Fighting
 + Level 1.5 Short Blades
 + Level 4.8 Long Blades
 + Level 1.5 Axes
 + Level 1.5 Maces & Flails
 + Level 1.5 Polearms
 + Level 1.5 Staves
 + Level 1.5 Slings
 + Level 1.5 Bows
 + Level 1.5 Crossbows
 + Level 1.5 Throwing
 + Level 3.0 Armour
 + Level 4.8 Dodging
 + Level 1.5 Stealth
 + Level 1.5 Shields
 + Level 1.5 Unarmed Combat
 + Level 5.2 Spellcasting
 + Level 1.2 Conjurations
 + Level 1.2 Hexes
 + Level 5.5 Charms
 + Level 1.2 Summonings
 + Level 1.2 Necromancy
 + Level 1.2 Translocations
 + Level 1.2 Transmutations
 + Level 1.2 Fire Magic
 + Level 1.2 Ice Magic
 + Level 1.2 Air Magic
 + Level 1.2 Earth Magic
 + Level 1.2 Poison Magic
 + Level 1.7 Invocations
 + Level 1.5 Evocations


You had 7 spell levels left.
You knew the following spells:

 Your Spells              Type           Power        Failure   Level  Hunger
a - Infusion              Chrm           ###.         1%          1    None
b - Spectral Weapon       Hex/Chrm       ###.....     14%         3    ###....
c - Regeneration          Chrm/Necr      ###.......   14%         3    ###....


Dungeon Overview and Level Annotations

Branches:
Dungeon (4/15)
 Temple: D:4-7

Altars:

Annotations:
D:3 Wanze's ghost, novice KoAr
D:4 jazmu's ghost, amateur GrFi


Innate Abilities, Weirdness & Mutations

Your experience applies equally to all skills.
You have very sharp teeth.
Your uncanny sense of smell can sniff out nearby items.


Message History

Found a stone staircase leading down.
The quokka closely misses you.
Found a scroll of identify.
Found a stone staircase leading down.
The quokka twitches its whiskers.
The quokka barely misses you.
Jazmu's ghost (amateur Gargoyle Fighter) comes into view.
It is wielding a weapon of freezing.
Found a glowing short sword and 9 gold pieces.
Found 10 gold pieces.
The quokka barely misses you.
A worker ant comes into view.
Jazmu's ghost turns its malevolent gaze towards you.
The worker ant twitches its antennae in your direction.
The worker ant moves out of view.
An adder skeleton comes into view.
Found 5 poisoned needles.
The worker ant barely misses you. The worker ant closely misses you.
There is a stone staircase leading down here.
The worker ant bites you.
You die...

..# #$#####..##
.#..###$.##.......
......... ...(.... Z.....
....... .W..# #.....
##..####..# .
#######..Z##....####...
...........OW.a........
#......#..#..#@.......
)..####.#....#r.####...
#..#..g.#.##
######g###.....# ##
#......g.......## #..
..#.............###....
....?.>.....###.#.....#
............?.....##..# .
..##.........>........#..


You could see an ogre, a worker ant, jazmu's ghost, a quokka and an adder
skeleton.

Vanquished Creatures
  An orc wizard (D:3)
  Terence (D:2)
  A gnoll (D:4)
  5 adders
  An ooze (D:1)
  A worm (D:2)
  2 dart slugs
  4 orcs (D:3)
  10 bats
  2 giant cockroaches
  8 goblins
  6 hobgoblins
  7 kobolds
  A quokka (D:3)
  A ball python (D:2)
  6 frilled lizards
  7 rats
64 creatures vanquished.

Vanquished Creatures (others)
  A spectral weapon (D:4)
1 creature vanquished.

Grand Total: 65 creatures vanquished

Notes
Turn   | Place    | Note
-------+----------+-------------------------------------------
     0 | D:1      | troglodite the Gnoll Skald began the quest for the Orb.
     0 | D:1      | Reached XP level 1. HP: 20/20 MP: 6/6
   145 | D:1      | Reached XP level 2. HP: 17/26 MP: 7/7
   555 | D:1      | Reached XP level 3. HP: 24/31 MP: 9/9
   563 | D:1      | Reached skill level 5 in Spellcasting
   680 | D:1      | Learned a level 3 spell: Spectral Weapon
   684 | D:1      | Learned a level 3 spell: Regeneration
   876 | D:2      | Reached skill level 1 in Invocations
   922 | D:2      | Noticed Terence
   935 | D:2      | Killed Terence
   935 | D:2      | Reached skill level 1 in Short Blades
   935 | D:2      | Reached skill level 1 in Axes
   935 | D:2      | Reached skill level 1 in Maces & Flails
   935 | D:2      | Reached skill level 1 in Polearms
   935 | D:2      | Reached skill level 1 in Staves
   935 | D:2      | Reached skill level 1 in Slings
   935 | D:2      | Reached skill level 1 in Bows
   935 | D:2      | Reached skill level 1 in Crossbows
   935 | D:2      | Reached skill level 1 in Throwing
   935 | D:2      | Reached skill level 1 in Stealth
   935 | D:2      | Reached skill level 1 in Shields
   935 | D:2      | Reached skill level 1 in Unarmed Combat
   935 | D:2      | Reached skill level 1 in Evocations
   935 | D:2      | Reached XP level 4. HP: 16/38 MP: 4/11
  1190 | D:2      | Reached skill level 1 in Conjurations
  1190 | D:2      | Reached skill level 1 in Hexes
  1190 | D:2      | Reached skill level 1 in Summonings
  1190 | D:2      | Reached skill level 1 in Necromancy
  1190 | D:2      | Reached skill level 1 in Translocations
  1190 | D:2      | Reached skill level 1 in Transmutations
  1190 | D:2      | Reached skill level 1 in Fire Magic
  1190 | D:2      | Reached skill level 1 in Ice Magic
  1190 | D:2      | Reached skill level 1 in Air Magic
  1190 | D:2      | Reached skill level 1 in Earth Magic
  1190 | D:2      | Reached skill level 1 in Poison Magic
  1367 | D:2      | Reached XP level 5. HP: 26/43 MP: 12/12
  1782 | D:3      | HP: 2/43 [adder (2)]
  2191 | D:3      | Noticed a centaur
  2193 | D:3      | Noticed Wanze's ghost (novice KoAr)
  2212 | D:4      | Noticed an ogre
  2218 | D:4      | HP: 1/43 [ogre/giant club (4)]
  2230 | D:4      | Noticed jazmu's ghost (amateur GrFi)
  2239 | D:4      | Slain by a worker ant

Skill      XL: |  1  2  3  4  5 |
---------------+----------------+-----
Spellcasting   | 5 |  5.2
Invocations    | 1 |  1.7
Short Blades   | 1 |  1.5
Axes           | 1 |  1.5
Maces & Flails | 1 |  1.5
Polearms       | 1 |  1.5
Staves         | 1 |  1.5
Slings         | 1 |  1.5
Bows           | 1 |  1.5
Crossbows      | 1 |  1.5
Throwing       | 1 |  1.5
Stealth        | 1 |  1.5
Shields        | 1 |  1.5
Unarmed Combat | 1 |  1.5
Evocations     | 1 |  1.5
Conjurations   | 1 |  1.2
Hexes          | 1 |  1.2
Summonings     | 1 |  1.2
Necromancy     | 1 |  1.2
Translocations | 1 |  1.2
Transmutations | 1 |  1.2
Fire Magic     | 1 |  1.2
Ice Magic      | 1 |  1.2
Air Magic      | 1 |  1.2
Earth Magic    | 1 |  1.2
Poison Magic   | 1 |  1.2
Armour         | 3 |  3.0
Fighting       | |  4.8
Long Blades    | |  4.8
Dodging        | |  4.8
Charms         | |  5.5

Action                   |  1- 3 |  4- 6 || total
-------------------------+-------+-------++-------
Melee: Falchion          |   106 |    96 ||   202
       Bite              |    10 |    15 ||    25
       Punch             |       |     1 ||     1
 Cast: Spectral Weapon   |     2 |     2 ||     4
  Use: Scroll            |       |     3 ||     3
       Potion            |       |     1 ||     1
 Stab: Sleeping          |     1 |     5 ||     6
       Distracted        |     1 |       ||     1
  Eat: Chunk             |       |     4 ||     4
Armor: Leather armour    |    30 |    26 ||    56
Dodge: Dodged            |    99 |    85 ||   184
       Rpst.: Falchion   |    23 |    27 ||    50
